Map: Berlingrad LE

Players

ByuN - Winner!

  • Race: Terran Terran

MaxPax

  • Race: Protoss Protoss

VOD

Have the link to the VOD?

Description

Time

  • Played on: Oct. 22, 2021, 8:33 a.m.
  • Length: 7:38
Show
View Real Time Build Order
Export as new Build Order

ByuN Terran - Winner!

Build Orders:  

Get SALT Encoding   

  12  0:00  SCV  
  13  0:12  SCV  
  14  0:17  Supply Depot  
  14  0:24  SCV  
  15  0:39  SCV  
  15  0:41  Barracks  
  16  0:43  Refinery  
  16  0:51  SCV  
  17  1:03  SCV  
  18  1:15  SCV  
  19  1:29  Marine  
  19  1:31  Orbital Command  
  20  1:47  Barracks Tech Lab  
  20  1:50  Command Center  
  20  1:56  Supply Depot  
  20  1:59  SCV  
  21  2:07  Marauder  
  23  2:09  Concussive Shells  
  23  2:17  SCV  
  23  2:21  Barracks  
  25  2:30  Marauder, SCV  
  27  2:41  Barracks  
  27  2:42  SCV  
  28  2:51  Marine  
  28  2:52  Stimpack  
  28  2:55  SCV  
  30  3:02  Orbital Command  
  30  3:07  SCV  
  30  3:09  Barracks Reactor  
  30  3:11  Marine  
  30  3:12  Refinery  
  32  3:19  SCV  
  33  3:22  Engineering Bay  
  33  3:28  Barracks Reactor  
  33  3:30  SCV  
  33  3:32  SCV, Bunker  
  35  3:36  Marine  
  35  3:40  Supply Depot  
  36  3:42  SCV  
  36  3:45  Marine x2  
  36  3:48  Terran Infantry Weapons Level 1  
  39  3:51  SCV  
  39  3:54  SCV  
  41  3:56  Marine  
  42  4:03  SCV  
  42  4:05  Factory  
  42  4:06  SCV  
  42  4:08  Marine  
  45  4:10  Marine  
  45  4:11  Marine  
  45  4:15  SCV  
  48  4:18  Supply Depot  
  48  4:19  Marine x2  
  50  4:25  SCV  
  50  4:27  SCV  
  50  4:30  Marine x2  
  54  4:31  Combat Shield  
  54  4:37  Supply Depot  
  54  4:39  Marine x2  
  54  4:40  Marauder  
  54  4:41  SCV  
  54  4:42  SCV  
  60  4:47  Supply Depot  
  60  4:50  Starport  
  60  4:51  Factory Reactor  
  60  4:54  SCV  
  60  4:55  SCV, Refinery  
  62  5:01  Marine  
  62  5:02  Marine x2  
  62  5:03  Marine  
  62  5:05  Marauder  
  68  5:09  Supply Depot  
  68  5:11  SCV x2  
  70  5:15  Refinery  
  70  5:21  Marine x2, Supply Depot  
  70  5:22  Marine x2  
  70  5:27  Marauder  
  76  5:28  SCV  
  76  5:29  SCV  
  76  5:33  Medivac x2  
  82  5:40  SCV  
  82  5:41  SCV  
  83  5:43  Marine x2, Factory Reactor  
  83  5:44  Marine  
  83  5:45  Marine  
  87  5:50  Missile Turret  
  87  5:53  SCV  
  87  5:55  Marauder  
  90  6:02  SCV  
  91  6:04  Marine x2, Supply Depot  
  91  6:05  SCV  
  91  6:11  Marine x2  
  96  6:16  Marauder, Medivac  
  96  6:17  Medivac  
  102  6:26  Widow Mine x2  
  102  6:27  Supply Depot  
  102  6:30  Supply Depot  
  102  6:31  Marine  
  102  6:32  Marine x3  
  109  6:41  Marauder  
  100  6:47  Widow Mine x2  
  100  6:49  Marine x2  
  100  6:52  Medivac  
  97  6:57  Marine x2  
  89  7:03  Marauder  
  89  7:04  Medivac  
  92  7:08  Marine x2, Widow Mine x2  
  102  7:32  Command Center  
Show
View Real Time Build Order
Export as new Build Order

MaxPax Protoss 

Build Orders: 1 Gate Expand, Blink Stalkers 

Get SALT Encoding   

  12  0:00  Probe  
  13  0:12  Probe  
  14  0:17  Pylon  
  14  0:24  Probe (Chrono Boost)  
  15  0:36  Probe (Chrono Boost)  
  15  0:38  Gateway  
  16  0:45  Probe (Chrono Boost)  
  16  0:49  Assimilator  
  17  0:51  Probe  
  18  1:03  Probe  
  19  1:15  Probe  
  20  1:25  Cybernetics Core  
  20  1:36  Nexus  
  20  1:39  Probe  
  21  1:45  Pylon  
  21  1:52  Probe  
  21  1:53  Assimilator  
  22  2:00  Stalker (Chrono Boost)  
  22  2:04  Probe  
  22  2:06  Warp Gate (Chrono Boost)  
  25  2:16  Probe  
  26  2:28  Probe  
  27  2:30  Twilight Council  
  27  2:40  Stalker, Probe  
  27  2:43  Gateway  
  30  2:48  Probe  
  31  2:52  Probe  
  30  2:58  Shield Battery  
  30  3:00  Blink (Chrono Boost), Probe  
  31  3:09  Probe  
  31  3:12  Probe  
  33  3:19  Stalker  
  35  3:21  Probe  
  35  3:24  Probe  
  37  3:33  Probe  
  38  3:37  Robotics Facility  
  38  3:38  Probe  
  39  3:45  Probe  
  39  3:47  Stalker  
  42  3:50  Probe  
  43  3:57  Stalker  
  43  4:00  Probe  
  46  4:03  Pylon  
  46  4:09  Nexus  
  46  4:12  Pylon  
  46  4:23  Probe, Stalker x2  
  51  4:28  Warp Prism  
  53  4:34  Pylon  
  53  4:36  Probe x2  
  55  4:48  Probe, Gateway  
  55  4:49  Probe, Charge (Chrono Boost)  
  55  4:51  Gateway  
  56  5:00  Probe  
  56  5:01  Probe  
  58  5:07  Pylon  
  58  5:11  Gateway  
  58  5:12  Probe  
  58  5:13  Observer (Chrono Boost), Probe, Gateway  
  61  5:23  Probe  
  61  5:24  Probe  
  61  5:25  Zealot x2  
  67  5:31  Probe, Immortal (Chrono Boost)  
  72  5:36  Probe  
  72  5:40  Probe  
  74  5:45  Gateway  
  74  5:46  Gateway  
  74  5:47  Gateway  
  74  5:49  Observer  
  74  5:50  Gateway  
  74  5:51  Sentry x2  
  74  5:53  Probe  
  74  5:54  Probe  
  74  5:55  Probe  
  81  6:02  Shield Battery  
  81  6:03  Pylon  
  81  6:04  Immortal (Chrono Boost)  
  85  6:17  Pylon  
  85  6:20  Zealot x4  
  93  6:28  Pylon  
  93  6:34  Pylon  
  93  6:38  Zealot x2  
  93  6:45  Zealot x3  
  93  6:46  Zealot x4  
  87  6:52  Zealot  
  73  7:00  Zealot x2  
  56  7:09  Zealot x7  
  56  7:12  Probe  
  67  7:15  Probe  
  67  7:16  Probe  
  66  7:24  Sentry x2, Probe  
  67  7:33  Zealot x5  
Tags
 
Add a new tag
Caveats
  • Supply blocks, unpowered buildings, or Contaminate may cause inaccurate times.
  • Supply counts are checked every 10 seconds.